Map: Daybreak LE (Void)

Players

Neeb - Winner!

  • Race: Protoss Protoss
  • Spawn Location: 1:00

Nerchio

  • Race: Zerg Zerg
  • Spawn Location: 7:00

Event: WESG 2016 Finals

VOD

Have the link to the VOD?

Description

Time

  • Played on: Jan. 14, 2017, 1:38 a.m.
  • Length: 15:09

All games in this series

Show
View Real Time Build Order
Export as new Build Order

Neeb Protoss - Winner!

Build Orders: Nexus First 

Get SALT Encoding   

  12  0:00  Probe (Chrono Boost)  
  13  0:11  Probe (Chrono Boost)  
  14  0:18  Pylon  
  14  0:22  Probe (Chrono Boost)  
  15  0:37  Probe (Chrono Boost)  
  16  0:47  Probe (Chrono Boost)  
  17  1:01  Nexus  
  17  1:03  Probe (Chrono Boost)  
  18  1:14  Gateway  
  19  1:18  Probe (Chrono Boost)  
  19  1:24  Assimilator  
  19  1:29  Probe (Chrono Boost)  
  19  1:32  Assimilator  
  20  1:39  Probe (Chrono Boost)  
  21  1:46  Gateway  
  21  1:50  Probe (Chrono Boost)  
  23  2:01  Probe (Chrono Boost)  
  23  2:02  Cybernetics Core  
  23  2:13  Probe x2 (Chrono Boost)  
  25  2:23  Probe (Chrono Boost)  
  25  2:24  Probe (Chrono Boost)  
  25  2:29  Warp Gate  
  27  2:35  Probe x2 (Chrono Boost), Adept  
  27  2:36  Stalker  
  33  2:47  Probe x2 (Chrono Boost)  
  33  2:51  Twilight Council  
  35  2:59  Probe (Chrono Boost)  
  35  3:00  Pylon  
  35  3:01  Probe (Chrono Boost)  
  37  3:12  Probe (Chrono Boost)  
  38  3:14  Resonating Glaives  
  38  3:18  Adept x2  
  38  3:19  Probe (Chrono Boost)  
  43  3:23  Probe (Chrono Boost)  
  43  3:25  Pylon  
  44  3:31  Probe (Chrono Boost)  
  45  3:36  Gateway  
  45  3:37  Probe (Chrono Boost)  
  45  3:40  Pylon  
  46  3:45  Probe (Chrono Boost), Adept  
  46  3:47  Adept  
  51  3:51  Probe (Chrono Boost)  
  51  3:54  Assimilator  
  53  3:57  Probe (Chrono Boost)  
  54  4:03  Probe (Chrono Boost)  
  54  4:05  Pylon  
  54  4:09  Probe (Chrono Boost)  
  55  4:15  Probe (Chrono Boost)  
  56  4:21  Probe (Chrono Boost)  
  56  4:23  Nexus  
  57  4:26  Pylon  
  57  4:33  Adept x3  
  57  4:35  Mothership Core (Chrono Boost)  
  57  4:38  Probe (Chrono Boost)  
  66  4:46  Assimilator  
  66  4:50  Probe (Chrono Boost)  
  67  4:54  Probe (Chrono Boost), Pylon  
  67  4:57  Sentry x2  
  67  4:58  Sentry  
  72  5:02  Probe (Chrono Boost)  
  72  5:03  Robotics Facility  
  72  5:06  Probe (Chrono Boost)  
  75  5:14  Probe (Chrono Boost)  
  75  5:18  Probe (Chrono Boost)  
  74  5:24  Adept, Forge  
  74  5:25  Adept x2  
  74  5:26  Probe (Chrono Boost)  
  81  5:31  Probe (Chrono Boost)  
  81  5:32  Gateway  
  81  5:33  Gateway x2  
  81  5:35  Probe (Chrono Boost)  
  83  5:39  Probe (Chrono Boost)  
  83  5:42  Probe (Chrono Boost)  
  85  5:47  Pylon  
  85  5:49  Probe (Chrono Boost)  
  85  5:52  Probe (Chrono Boost), Immortal  
  85  5:56  Protoss Ground Weapons Level 1  
  85  6:01  Charge, Probe (Chrono Boost), Sentry  
  85  6:02  Probe (Chrono Boost)  
  85  6:03  Probe (Chrono Boost)  
  86  6:08  Assimilator x2  
  86  6:12  Probe (Chrono Boost)  
  86  6:13  Probe x2 (Chrono Boost)  
  85  6:22  Zealot x2  
  85  6:23  Probe (Chrono Boost)  
  85  6:25  Probe (Chrono Boost)  
  87  6:26  Immortal  
  87  6:30  Gateway  
  87  6:32  Gateway  
  91  6:40  Zealot x2  
  91  6:41  Zealot  
  91  6:44  Probe x3 (Chrono Boost)  
  91  6:46  Pylon  
  100  6:49  Zealot x2  
  104  6:55  Zealot  
  104  7:01  Adept x2  
  104  7:05  Immortal  
  104  7:07  Probe x2 (Chrono Boost)  
  108  7:10  Probe (Chrono Boost)  
  111  7:19  Probe (Chrono Boost)  
  111  7:20  Probe (Chrono Boost)  
  113  7:27  Zealot x2, Templar Archives  
  117  7:31  Pylon, Gateway  
  117  7:43  Pylon, Protoss Ground Weapons Level 2  
  117  7:44  Probe (Chrono Boost), Warp Prism  
  117  7:50  Stalker x2  
  123  7:51  Stalker  
  125  8:01  Psionic Storm  
  125  8:02  Pylon  
  125  8:03  Pylon  
  125  8:11  High Templar x3  
  125  8:12  Pylon  
  131  8:14  High Templar  
  133  8:21  Pylon  
  133  8:22  Photon Cannon  
  133  8:24  Observer  
  133  8:28  High Templar x4  
  133  8:31  Photon Cannon  
  133  8:33  Probe x3 (Chrono Boost)  
  145  8:47  Zealot x4  
  153  8:48  Observer  
  154  9:00  Photon Cannon  
  154  9:03  Photon Cannon  
  154  9:05  Pylon, Nexus  
  154  9:06  Pylon  
  154  9:07  Photon Cannon  
  154  9:08  Probe (Chrono Boost)  
  154  9:09  Probe x2 (Chrono Boost)  
  157  9:10  High Templar x4  
  157  9:14  Archon x2  
  165  9:18  Immortal  
  165  9:28  Zealot x4  
  161  9:38  Archon  
  136  9:46  Archon  
  136  9:47  Protoss Ground Weapons Level 3, Archon  
  136  9:49  Zealot x8  
  136  9:52  Immortal  
  122  10:11  High Templar x4  
  122  10:12  Zealot x3, Nexus  
  136  10:24  Zealot, High Templar  
  136  10:25  Pylon  
  136  10:26  Immortal  
  140  10:34  Pylon  
  138  10:37  Pylon, Zealot x3  
  133  10:50  High Templar x2  
  133  10:51  Zealot x3  
  143  11:01  Immortal  
  123  11:06  Zealot x2  
  123  11:07  Zealot x2  
  135  11:14  Zealot x3  
  141  11:29  High Templar x2  
  141  11:30  Zealot x4  
  152  11:33  Archon  
  152  11:35  Immortal  
  140  11:53  Zealot x7  
  154  12:00  Pylon  
  154  12:02  Pylon  
  154  12:08  High Templar x2  
  154  12:15  High Templar  
  164  12:18  Pylon  
  164  12:19  High Templar x2  
  164  12:21  High Templar  
  164  12:22  Pylon  
  170  12:25  Zealot x3, Observer  
  170  12:26  Archon x2  
  171  12:41  Immortal  
  167  12:46  Protoss Shields Level 1  
  167  12:48  Zealot x6  
  183  12:53  Nexus  
  183  12:59  Pylon  
  183  13:02  Pylon  
  183  13:07  High Templar x2  
  183  13:08  Zealot  
  189  13:18  Observer  
  189  13:19  Assimilator  
  190  13:33  Stargate  
  188  13:36  High Templar x2  
  188  13:37  High Templar x2  
  188  13:39  Photon Cannon, Zealot x2  
  184  13:41  Photon Cannon  
  184  13:43  Photon Cannon  
  184  13:45  Photon Cannon  
  184  13:48  Immortal, Assimilator  
  182  14:07  Zealot x2, High Templar x2  
  182  14:08  Zealot  
  192  14:14  Archon  
  192  14:16  Oracle  
  193  14:29  Stalker x3  
  169  14:40  Archon  
  143  14:53  Zealot x2, High Templar x4  
  143  14:54  Zealot x3  
  143  14:58  Archon x2  
Show
View Real Time Build Order
Export as new Build Order

Nerchio Zerg 

Build Orders: Pool First, Lurkers 

Get SALT Encoding   

  12  0:00  Drone  
  13  0:12  Overlord  
  13  0:17  Drone  
  14  0:30  Drone x2  
  14  0:34  Drone  
  17  0:49  Drone  
  18  0:52  Extractor  
  18  0:53  Spawning Pool  
  18  0:55  Drone  
  17  1:06  Drone  
  18  1:21  Hatchery  
  18  1:25  Drone  
  18  1:39  Queen  
  18  1:40  Zergling x2  
  18  1:43  Drone  
  22  1:51  Metabolic Boost  
  22  1:58  Overlord  
  22  2:16  Queen  
  22  2:17  Drone x2  
  22  2:21  Drone  
  27  2:32  Drone  
  27  2:33  Pneumatized Carapace  
  27  2:34  Drone  
  29  2:50  Hatchery  
  28  2:52  Drone  
  28  2:55  Drone  
  28  2:57  Drone  
  31  3:00  Drone  
  31  3:04  Overlord  
  32  3:07  Zergling x2  
  32  3:09  Zergling x2  
  34  3:13  Zergling x2  
  34  3:16  Drone  
  36  3:22  Queen  
  36  3:24  Drone  
  36  3:25  Drone  
  40  3:28  Drone  
  40  3:33  Overlord  
  40  3:35  Drone  
  41  3:42  Roach Warren  
  41  3:45  Overlord  
  40  3:49  Drone  
  40  3:51  Extractor  
  41  3:55  Drone  
  41  3:56  Drone x2  
  41  3:57  Drone  
  41  3:59  Drone  
  41  4:00  Drone  
  46  4:22  Roach x5  
  46  4:23  Roach x2  
  59  4:25  Drone  
  59  4:26  Drone  
  59  4:29  Overlord  
  59  4:30  Drone  
  62  4:32  Drone  
  62  4:34  Drone  
  64  4:39  Evolution Chamber  
  64  4:40  Overlord  
  64  4:43  Overlord  
  63  4:48  Lair  
  63  4:53  Zergling x4  
  65  5:00  Drone x5  
  65  5:01  Drone  
  71  5:07  Zergling x6  
  74  5:18  Drone  
  74  5:19  Drone x6  
  81  5:22  Overlord  
  81  5:28  Overlord x2  
  81  5:31  Zerg Missile Weapons Level 1  
  81  5:35  Overlord  
  81  5:42  Drone  
  82  5:43  Drone x5  
  87  5:52  Zergling x2  
  87  5:53  Zergling x2  
  87  5:54  Zergling x4  
  87  5:56  Zergling x4  
  89  6:03  Zergling x2  
  89  6:07  Drone  
  89  6:08  Drone  
  88  6:12  Drone, Hatchery  
  88  6:16  Drone  
  88  6:17  Drone x3  
  86  6:19  Drone x3  
  86  6:20  Drone  
  86  6:22  Drone x2  
  86  6:23  Drone  
  90  6:28  Hydralisk Den  
  90  6:29  Drone x2  
  91  6:34  Drone  
  91  6:37  Extractor  
  91  6:38  Extractor x2  
  91  6:39  Glial Reconstitution  
  89  6:41  Extractor  
  89  6:44  Overlord  
  88  6:48  Drone x5  
  88  6:50  Overlord  
  93  6:59  Hydralisk x3  
  93  7:00  Hydralisk x3  
  105  7:04  Muscular Augments  
  105  7:05  Hydralisk  
  106  7:09  Hydralisk  
  106  7:13  Hydralisk  
  108  7:19  Overlord  
  108  7:21  Drone x9  
  116  7:23  Overlord  
  116  7:25  Overlord  
  116  7:26  Overseer  
  116  7:29  Hydralisk x2  
  118  7:33  Hydralisk x2  
  124  7:38  Hydralisk  
  124  7:39  Extractor  
  124  7:42  Hydralisk x2  
  127  7:58  Hydralisk x5  
  137  8:07  Zergling x2  
  137  8:08  Zergling x10  
  137  8:09  Overlord  
  137  8:12  Zerg Missile Weapons Level 2  
  143  8:16  Lurker Den  
  143  8:17  Drone x2  
  143  8:18  Drone  
  143  8:19  Overlord x2  
  146  8:20  Extractor  
  145  8:29  Hydralisk x3  
  145  8:34  Hydralisk x2, Spore Crawler  
  150  8:35  Spore Crawler  
  150  8:39  Hydralisk x2  
  157  8:45  Hydralisk  
  157  8:46  Hydralisk  
  158  8:56  Spore Crawler  
  158  9:00  Zergling x18  
  158  9:01  Zergling x4  
  158  9:02  Zergling x2  
  169  9:10  Infestation Pit  
  168  9:18  Zergling x4  
  168  9:19  Zergling x10  
  168  9:22  Overlord  
  174  9:28  Hydralisk x5  
  159  9:31  Hydralisk  
  159  9:32  Hydralisk  
  159  9:33  Hydralisk  
  159  9:35  Hydralisk x3  
  159  9:36  Hydralisk  
  151  9:41  Hydralisk x2  
  151  9:43  Hydralisk x2  
  151  9:44  Hydralisk  
  152  9:45  Zergling x2  
  152  9:47  Hydralisk  
  144  9:54  Hydralisk x2  
  144  9:58  Hydralisk x3  
  148  10:06  Drone x5  
  147  10:11  Lurker  
  147  10:12  Lurker  
  147  10:13  Drone  
  150  10:20  Lurker  
  151  10:23  Hatchery, Overlord  
  151  10:24  Overlord  
  150  10:35  Zergling x8  
  152  10:40  Zergling x8  
  152  10:41  Zergling x6  
  153  10:43  Hive  
  153  10:47  Hydralisk x2  
  157  10:54  Spire  
  156  11:02  Zergling x12  
  156  11:03  Zergling x4  
  149  11:05  Lurker x2  
  149  11:06  Lurker  
  149  11:07  Lurker  
  149  11:08  Lurker  
  154  11:12  Zerg Melee Weapons Level 1  
  154  11:14  Overseer  
  154  11:16  Lurker  
  154  11:17  Hydralisk x2  
  159  11:21  Hydralisk  
  159  11:22  Hydralisk  
  160  11:32  Hydralisk  
  160  11:33  Hydralisk x4  
  160  11:37  Hydralisk  
  163  11:41  Hydralisk  
  163  11:42  Hydralisk  
  163  11:43  Hydralisk  
  163  11:45  Hydralisk  
  162  11:49  Hydralisk, Lurker  
  162  11:51  Hydralisk  
  162  11:54  Hydralisk  
  167  11:57  Hydralisk  
  167  11:59  Hydralisk  
  173  12:03  Overlord  
  173  12:04  Overlord  
  173  12:06  Lurker  
  174  12:10  Overlord  
  173  12:17  Overlord  
  173  12:19  Overlord, Greater Spire  
  173  12:22  Corruptor  
  175  12:24  Corruptor  
  175  12:27  Corruptor  
  179  12:34  Corruptor  
  179  12:35  Corruptor  
  179  12:38  Corruptor  
  178  12:49  Zergling x6  
  181  12:54  Spore Crawler  
  181  12:55  Spore Crawler  
  179  13:02  Lurker x2  
  179  13:03  Lurker  
  182  13:11  Zergling x8  
  179  13:32  Brood Lord  
  179  13:33  Brood Lord  
  179  13:34  Brood Lord x4  
  189  13:48  Zergling x16  
  185  13:51  Hydralisk  
  185  13:52  Hydralisk x7  
  197  13:58  Hydralisk  
  192  14:03  Lurker x2  
  194  14:11  Spine Crawler  
  194  14:12  Spine Crawler  
  194  14:14  Hydralisk, Spine Crawler  
  193  14:24  Hydralisk x2  
  187  14:30  Hydralisk  
  193  14:36  Hydralisk x2  
  193  14:38  Hydralisk  
  160  14:40  Hydralisk  
  160  14:42  Zergling x2  
  160  14:44  Zergling x2  
Tags
 
Add a new tag
Caveats
  • Supply blocks, unpowered buildings, or Contaminate may cause inaccurate times.
  • Supply counts are checked every 10 seconds.